 Dungeon Sprint DCSS version 0.25-a0-589-g1e14c549ee (webtiles) character file.

Game seed: 12986499742004058886, levelgen mode: deterministic

3063 jt the Blocker (level 9, 14/56 HPs)
             Began as a Gargoyle Fighter on Mar 10, 2020.
             Was a Follower of Makhleb.
             Got out of the dungeon alive.
             The game lasted 00:06:14 (1111 turns).

jt the Blocker (Gargoyle Fighter)                   Turns: 1111, Time: 00:06:14

Health: 14/56      AC: 15    Str: 23    XL:     9   Next: 88%
Magic:  9/9        EV:  9    Int:  9    God:    Makhleb [*.....]
Gold:   780        SH: 13    Dex:  9    Spells: 8/8 levels left

rFire    . . .     SeeInvis .   a - +0 flail
rCold    . . .     Gourm    .   c - +0 kite shield
rNeg     + . .     Faith    .   b - +0 scale mail
rPois    ∞         Spirit   .   (no helmet)
rElec    +         Reflect  .   (no cloak)
rCorr    .         Harm     .   (no gloves)
MR       .....     NoTele   +   (no boots)
Stlth    ..........             (no amulet)
HPRegen  0.18/turn              (no ring)
MPRegen  0.11/turn              (no ring)

@: no status effects
A: frail 1, negative energy resistance 1, electricity resistance, unbreathing,
petrification resistance, rot immunity, AC +6
a: Renounce Religion


You escaped.
You worshipped Makhleb.
Makhleb was aware of your devotion.
You were not hungry.

You visited 1 branch You collected 810 gold pieces.
You spent 30 gold pieces at shops.

Inventory:

Hand Weapons
 a - a +0 flail (weapon)
 g - a +0 arbalest
Missiles
 h - 10 bolts
Armour
 b - a +0 scale mail (worn)
 c - a +0 kite shield (worn)
Scrolls
 k - a scroll of blinking
Potions
 e - a potion of curing
 i - 2 potions of magic
 l - a potion of flight
Comestibles
 d - 7 chunks of flesh
 f - a ration


   Skills:
 + Level 10.8 Fighting
 + Level 12.7 Maces & Flails
 + Level 10.8 Armour
 + Level 13.8 Shields


You had 8 spell levels left.
You didn't know any spells.
Your spell library was empty.

Dungeon Overview and Level Annotations

Branches:
Dungeon (1/1)

Altars:
Cheibriados
Dithmenos
Elyvilon
Fedhas
Gozag
Hepliaklqana
Kikubaaqudgha
Makhleb
Nemelex Xobeh
Okawaru
Qazlal
Ru
Sif Muna
Trog
Uskayaw
Vehumet
Wu Jian
Xom
Yredelemnul
Zin
The Shining One
Beogh
Jiyva
Lugonu

Shops:
D !:[!:%[==:}[((?!

Annotations:
D exclusion: oklob plant


Innate Abilities, Weirdness & Mutations

You are resistant to torment.
Your stone body is resilient. (AC +6)
You are immune to poison.
You resist negative energy. (rN+)
You are resistant to electric shocks. (rElec)
You can survive without breathing.
You are immune to petrification.
You are immune to rotting.
You are frail. (-10% HP)


Message History

You butcher the crocodile corpse. x2
d - 6 chunks of flesh;
d - 7 chunks of flesh (gained 1)
Things that are here:
a crocodile skeleton x2
A crystal guardian comes into view.
Really walk into a travel-excluded area?
You enter the shallow water.
Moving in this stuff is going to be slow.
The crystal guardian fires a crystalline bolt at you.
The crystal bolt burns you!!
The crystal guardian fires a crystalline bolt at you.
The crystal bolt freezes you!!
* * * LOW HITPOINT WARNING * * *
You see here a swamp drake skeleton.
There is an open door here.
You close the door.
There is an open door here.
There is a staircase leading out of the dungeon here.
Are you sure you want to leave the Dungeon?
This will make you lose the game!
You have escaped!

##########≈≈# ++#++
#########≈≈≈........ .. .
∩.∩.....#≈≈≈≈.##+##.. #. .
.∩.∩....#≈≈≈≈##...##.#### +.##.
..∩.∩...#≈≈≈≈#..#..#....# ^..##
...∩.∩..#≈≈####.#.####..## #..##
....∩.⌠.#≈##.###'###.##..# +^.#.
...∩.∩..#≈#...##.##..##÷.# #..#.
..∩.∩...(('(##'.@.'.##+÷.####..##
.∩.∩....#≈###.##.##.#.#....###..÷
▓▓▓▓▓▓###≈##.# #'###.##....8.≈≈≈≈
!lG######≈≈## #.#.####≈≈..§..≈#'#
[$G#hh ##≈≈≈#.. ..#≈≈≈≈≈≈≈.§≈#..
∩P$+h.# +#≈### ###≈≈≈≈≈≈≈≈.≈#..
(.%#%##§# ≈≈# #≈≈§≈≈§≈≈≈≈≈#..
:$.###≈≈§ ≈≈ ≈≈≈≈§≈§≈§≈§≈≈#..
#+###≈≈§≈ ++ +++#§§≈§≈≈≈≈≈#._


There were no monsters in sight!

Vanquished Creatures
  2 death drakes (D)
  A yaktaur (D)
  3 polar bears (D)
  A hornet (D)
  4 neqoxecs (D)
  Menkaure (D)
  2 swamp drakes (D)
  4 necrophages (D)
  3 crocodiles (D)
  4 worker ants (D)
  3 worms (D)
28 creatures vanquished.

Notes
Turn   | Place    | Note
-------+----------+-------------------------------------------
     0 | D        | jt the Gargoyle Fighter began the quest for the Orb.
     0 | D        | Reached XP level 1. HP: 14/14 MP: 1/1
     1 | D        | Noticed a worker ant
     1 | D        | Noticed a worker ant
     1 | D        | Noticed a worker ant
     1 | D        | Noticed a worker ant
     3 | D        | Killed a worker ant
     3 | D        | Reached skill level 5 in Shields
     3 | D        | Reached XP level 2. HP: 19/19 MP: 2/2
     5 | D        | Reached skill level 5 in Maces & Flails
     5 | D        | Reached skill level 6 in Shields
     5 | D        | Reached XP level 3. HP: 23/23 MP: 3/3
     8 | D        | Reached XP level 4. HP: 28/28 MP: 4/4
    13 | D        | Reached skill level 7 in Shields
    40 | D        | Noticed a necrophage
    40 | D        | Noticed a necrophage
    40 | D        | Noticed a necrophage
    40 | D        | Noticed a necrophage
    54 | D        | Killed a necrophage
    54 | D        | Reached skill level 9 in Shields
    54 | D        | Reached XP level 5. HP: 25/32 MP: 5/5
    58 | D        | Killed a necrophage
    58 | D        | Reached skill level 10 in Shields
    58 | D        | Reached XP level 6. HP: 29/37 MP: 6/6
    65 | D        | Killed a necrophage
    78 | D        | Killed a necrophage
    78 | D        | Reached skill level 5 in Fighting
    78 | D        | Reached skill level 5 in Armour
   124 | D        | Found Miaptetai's Distillery.
   124 | D        | Found Qywoc's Weapon Boutique.
   124 | D        | Found Rumeamm's Magic Scroll Boutique.
   124 | D        | Found Jumiox's Antique Armour Shop.
   125 | D        | Found Faucvug's Gadget Shop.
   125 | D        | Found Honoukk's Book Boutique.
   125 | D        | Found Juklues's Jewellery Shop.
   125 | D        | Found Ofodoliewi's Jewellery Boutique.
   126 | D        | Found Ilitrawk's Food Boutique.
   126 | D        | Found Ytarid's Book Shop.
   126 | D        | Noticed a shining eye
   127 | D        | Found Suor's Antique Weapon Shop.
   127 | D        | Found Jeuze's Antique Armour Boutique.
   127 | D        | Noticed a shining eye
   134 | D        | Reached XP level 7. HP: 41/44 MP: 7/7
   152 | D        | Found Ynasch's Distillery.
   152 | D        | Found Ihuraa's Antique Armour Shop.
   152 | D        | Noticed Menkaure
   152 | D        | Noticed a shining eye
   152 | D        | Noticed an oklob plant
   166 | D        | Killed Menkaure
   166 | D        | Reached skill level 10 in Maces & Flails
   166 | D        | Reached skill level 11 in Shields
   221 | D        | Found Wumioles's Book Shoppe.
   221 | D        | Found Elestra's Distillery.
   222 | D        | Noticed a wyvern
   222 | D        | Noticed a wyvern
   244 | D        | Bought a potion of flight for 30 gold pieces
   256 | D        | Noticed a neqoxec
   256 | D        | Noticed a neqoxec
   256 | D        | Noticed a neqoxec
   256 | D        | Noticed a neqoxec
   262 | D        | Killed a neqoxec
   269 | D        | Killed a neqoxec
   274 | D        | Killed a neqoxec
   274 | D        | Reached XP level 8. HP: 53/53 MP: 8/8
   276 | D        | Gained mutation: You are frail. (-10% HP) [a neqoxec]
   279 | D        | Reached skill level 12 in Shields
   299 | D        | Found a snail-covered altar of Cheibriados.
   300 | D        | Found a roughly hewn altar of Beogh.
   301 | D        | Found a shadowy altar of Dithmenos.
   302 | D        | Found a white marble altar of Elyvilon.
   302 | D        | Found an ancient bone altar of Kikubaaqudgha.
   302 | D        | Found a viscous altar of Jiyva.
   303 | D        | Found a blossoming altar of Fedhas.
   303 | D        | Found a corrupted altar of Lugonu.
   303 | D        | Found a shimmering blue altar of Sif Muna.
   304 | D        | Found an opulent altar of Gozag.
   304 | D        | Found a burning altar of Makhleb.
   304 | D        | Found a bloodstained altar of Trog.
   304 | D        | Found a hazy altar of Hepliaklqana.
   304 | D        | Found a sacrificial altar of Ru.
   304 | D        | Found a shimmering altar of Xom.
   305 | D        | Found a sparkling altar of Nemelex Xobeh.
   305 | D        | Found a hide-covered altar of Uskayaw.
   306 | D        | Found an iron altar of Okawaru.
   306 | D        | Found a radiant altar of Vehumet.
   306 | D        | Found a glowing silver altar of Zin.
   308 | D        | Found a basalt altar of Yredelemnul.
   308 | D        | Noticed a polar bear
   308 | D        | Noticed a polar bear
   310 | D        | Noticed a hornet
   310 | D        | Noticed a polar bear
   314 | D        | Noticed a yaktaur
   327 | D        | Killed a polar bear
   340 | D        | Killed a hornet
   348 | D        | Killed a polar bear
   348 | D        | Reached XP level 9. HP: 7/54 MP: 9/9
   470 | D        | Killed a yaktaur
   470 | D        | Reached skill level 13 in Shields
   727 | D        | Noticed a death drake
   756 | D        | Killed a death drake
   759 | D        | Killed a polar bear
   763 | D        | Reached skill level 10 in Fighting
   763 | D        | Reached skill level 10 in Armour
   892 | D        | Noticed a death drake
   895 | D        | Found a stormy altar of Qazlal.
   895 | D        | Found an ornate altar of the Wu Jian Council.
   895 | D        | Found a glowing golden altar of the Shining One.
   900 | D        | Became a worshipper of Makhleb the Destroyer
   930 | D        | Killed a death drake
  1051 | D        | Noticed a kraken
  1067 | D        | Reached * piety under Makhleb
  1092 | D        | Noticed a crystal guardian
  1111 | D        | Got out of the dungeon alive.

Levels and vault maps discovered:
D:        the_violet_keep_of_menkaure [sprint2_stairs_cluster_1,
          sprint2_shoproom, sprint2_temple, sprint2_basic_supplies,
          sprint2_obstacle_4, sprint2_obstacle_1, sprint2_obstacle_5,
          sprint2_obstacle_7, sprint2_obstacle_3, sprint2_timed_cluster_1,
          sprint2_smallroom_cluster_1, sprint2_smallroom_final_cluster_1,
          sprint2_transparent_cluster_1, sprint2_second_timed_cluster_1,
          sprint2_sniper_area_1, sprint2_heavy_combat_area_1,
          sprint2_mutation_trap_area_1, sprint2_forest_area_1,
          sprint2_light_combat_area_1, sprint2_behind_water_1,
          sprint2_near_end_vault_1]

Skill      XL: |  1  2  3  4  5  6  7  8  9 |
---------------+----------------------------+-----
Maces & Flails | 4 5 8 9 10 11 12 | 12.7
Shields        | 5 6 9 10 11 12 13 | 13.8
Fighting       | 5 7 9 10 | 10.8
Armour         | 5 7 9 10 | 10.8

Action                   |  1- 3 |  4- 6 |  7- 9 || total
-------------------------+-------+-------+-------++-------
Melee: Flail             |     6 |    51 |   161 ||   218
  Use: Potion            |     1 |       |     3 ||     4
 Stab: Distracted        |       |     1 |       ||     1
  Eat: Chunk             |       |       |     1 ||     1
Armor: Scale mail        |     2 |    13 |    55 ||    70
Dodge: Dodged            |     1 |     4 |    36 ||    41
Block: Kite shield       |     3 |    23 |    75 ||   101

Table legend:
 A = Non-vault XP
 B = Vault XP
 C = Vault XP percentage of total XP
 D = Non-vault monster count
 E = Vault monster count
 F = Vault count percentage of total count
                 A         B        C        D         E       F
            +---------+---------+-------+---------+---------+-------
      Total |       0 |    4376 | 100.0 |       0 |      28 | 100.0
            +---------+---------+-------+---------+---------+-------
          D |       0 |    4376 | 100.0 |       0 |      28 | 100.0
            +---------+---------+-------+---------+---------+-------
